 Dungeon Crawl Stone Soup version 0.18-a0-1435-gee79d65 (webtiles) character file.

200807 M4edhros the Bringer of Law (level 18, -10/125 HPs)
             Began as an Octopode Artificer on Feb 28, 2016.
             Was the Champion of Zin.
             Killed from afar by a Hell Sentinel (35 damage)
             ... with a blast of hellfire
             ... summoned by a deep elf demonologist
             ... on level 3 of the Elven Halls.
             The game lasted 04:15:02 (110151 turns).

M4edhros the Bringer of Law (Octopode Artificer)  Turns: 110151, Time: 04:15:02

Health: -10/125    AC: 14    Str: 18    XL:     18   Next: 52%
Magic:  0/30       EV: 27    Int: 26    God:    Zin [******]
Gold:   2271       SH: 14    Dex: 21    Spells: 5 memorised, 16 levels left

rFire  + + .     SeeInvis +     f - +7 eveningstar (crush)
rCold  + + +     Gourm    .     M - +1 buckler {AC+3}
rNeg   + + .     Faith    .     k - +2 hat {Spirit}
rPois  ∞         Spirit   +     i - +4 amulet of reflection
rElec  .         Dismiss  .     m - ring of positive energy (curse)
rCorr  +         Reflect  +     d - ring "Xecody" {rN+ Slay+2}
SustAt .         Harm     .     a - ring "Myshowun" {rCorr rC++}
MR     +++..                    U - ring of protection from cold
Stlth  ++++......               K - ring of see invisible
                                q - +3 ring of protection
                                Y - ring "Hetrixot" {rF++ MR+}
                                y - ring of poison resistance

@: lethally poisoned (-10 -> -10), vitalised, very slightly contaminated,
extremely resistant to hostile enchantments, stealthy
A: almost no armour, amphibious, 8 rings, constrict 8, tentacle spike 2, large
bone plates 1, molten scales 1, thin metallic scales 1, camouflage 2, magic
resistance 1, sense surroundings 1, robust 1, slow regeneration 1, strong 1,
gelatinous body 1
a: Recite, Vitalisation, Imprison, Sanctuary, Donate Gold, Cure All Mutations,
Renounce Religion
}: 1/15 runes: decaying


You were on level 3 of the Elven Halls.
You worshipped Zin.
Zin was exalted by your worship.
You were not hungry.

You visited 7 branches of the dungeon, and saw 34 of its levels.
You visited 1 bazaar.
You also visited: Labyrinth.

You collected 3625 gold pieces.
You spent 1031 gold pieces at shops.
You donated 323 gold pieces to Zin.

Inventory:

Hand Weapons
 f - a +7 eveningstar of crushing (weapon)
 B - the +12 greatsling "Waxtac" {venom, Int+3 SInv}
   (You bought it in a shop on level 2 of the Orcish Mines)

   It poisons the ammo it fires.
   It affects your intelligence (+3).
   It lets you see invisible.
Missiles
 e - 215 sling bullets
 l - 41 sling bullets of frost
 u - 9 steel sling bullets
 D - 16 sling bullets of flame
 H - 773 stones (quivered)
Armour
 k - a +2 hat of spirit shield (worn)
 M - a +1 buckler of protection (worn)
Rods
 z - a +8 rod of shadows (10/10)
   (Xom gifted it to you in the Ecumenical Temple)
 Z - a +3 lightning rod (17/17)
   (You found it on level 9 of the Dungeon)
Jewellery
 a - the ring "Myshowun" (on tentacle) {rCorr rC++}
   (You took it off an orc on level 11 of the Dungeon)

   [ring of resist corrosion]

   It greatly protects you from cold.
 d - the ring "Xecody" (right tentacle) {rN+ Slay+2}
   (You found it in a labyrinth)

   [ring of positive energy]

   It affects your accuracy and damage with ranged weapons and melee attacks
   (+2).
   It protects you from negative energy.
 i - a +4 amulet of reflection (around mantle)
 m - a cursed ring of positive energy (left tentacle)
 q - a +3 ring of protection (on tentacle)
 t - an uncursed amulet of magic regeneration {unknown}
 x - an uncursed amulet of regeneration
 y - a ring of poison resistance (on tentacle)
 G - a +2 ring of strength {unknown}
 K - a ring of see invisible (on tentacle)
 O - a +3 ring of intelligence
 U - a ring of protection from cold (on tentacle)
 Y - the ring "Hetrixot" (on tentacle) {rF++ MR+}
   (Xom gifted it to you on level 10 of the Dungeon)

   [ring of protection from magic]

   It greatly protects you from fire.
   It affects your resistance to hostile enchantments.
Wands
 b - a wand of lightning (7/15)
 c - a wand of confusion (17/48)
 h - a wand of iceblast (5/15)
 j - a wand of iceblast (10/15)
 r - a wand of iceblast (6/15)
 s - a wand of lightning (8/15)
 A - a wand of enslavement (4/24)
 I - a wand of acid (0/15)
 J - a wand of disintegration (10/24)
 R - a wand of hasting (4/9)
Scrolls
 n - 4 scrolls of teleportation
 o - a scroll of summoning {unknown}
 p - a scroll of fog
 E - 2 scrolls of immolation
 L - 2 scrolls of fear
 S - 2 scrolls of vulnerability
Potions
 C - 3 potions of haste
 V - 5 potions of curing
Miscellaneous
 F - a disc of storms
Comestibles
 g - 8 royal jellies
 P - 20 fruits


   Skills:
 - Level 7.0 Fighting
   Level 1.0 Short Blades
 - Level 8.7 Maces & Flails
 - Level 11.1 Slings
 - Level 15.7 Dodging
 - Level 1.3 Stealth
 - Level 10.1 Shields
 - Level 1.8 Unarmed Combat
 - Level 6.0 Spellcasting
 - Level 3.1 Hexes
 - Level 7.0 Charms
 + Level 17.9 Invocations
 - Level 11.9 Evocations


You had 16 spell levels left.
You knew the following spells:

 Your Spells              Type           Power        Failure   Level  Hunger
a - Spectral Weapon       Hex/Chrm       ####....     2%          3    None
b - Shroud of Golubria    Chrm/Tloc      ####......   2%          2    None
c - Song of Slaying       Chrm           #####...     1%          2    None
d - Summon Forest         Summ/Tloc      #.........   99%         5    #####..
e - Apportation           Tloc           #.........   10%         1    None


Dungeon Overview and Level Annotations

Branches:
Dungeon (15/15)            Temple (1/1) D:4            Lair (8/8) D:9
  Swamp (4/4) Lair:3        Snake (0/4) Lair:3        Slime (0/6) Lair:8
    Orc (2/2) D:9             Elf (3/3) Orc:2        Vaults (0/5) D:14
 Depths (1/5) D:15

Altars:
Ashenzari
Cheibriados
Dithmenos
Elyvilon
Fedhas
Gozag
Kikubaaqudgha
Makhleb
Nemelex Xobeh
Okawaru
Pakellas
Qazlal
Ru
Sif Muna
Trog
Vehumet
Xom
Yredelemnul
Zin
The Shining One
Beogh
Jiyva

Shops:
D:5 *:*   D:6 (   D:7 :   D:11 (*(   Orc:1 (   Orc:2 :?!(   Elf:1 (

Portals:
Trove: D:10 (give 2 scrolls of acquirement)

Annotations:
D:3 Grinder
Elf:2 3 runed doors


Innate Abilities, Weirdness & Mutations

You cannot wear most types of armour.
You are amphibious.
You can wear up to eight rings at the same time.
You can use your tentacles to constrict eight enemies at once.
Your skin blends seamlessly with your surroundings (Stealth).
Your rubbery body absorbs attacks (AC +1).
One of your tentacles bears a nasty spike.
You are partially covered in large bone plates (AC +2, SH +2).
You are partially covered in molten scales (AC +1).
You are partially covered in thin metallic scales (AC +2).
You are resistant to hostile enchantments.
You passively map a small area around you.
You are robust (+10% HP).
You regenerate slowly when monsters are visible.
Your muscles are strong. (Str +2)


Message History

* * * LOW HITPOINT WARNING * * *
You hear a shout!
Unknown command.
Read which item? (? for menu, Esc to quit)
Okay, then.
Drink which item? (? for menu, Esc to quit)
Okay, then.
You don't have enough magic at the moment.
Drink which item? (? for menu, Esc to quit)
Okay, then.
Drink which item? (? for menu, Esc to quit)
Okay, then.
Read which item? (? for menu, Esc to quit)
Blink to where?
Press: ? - help, Dir - move target cursor You are very lightly contaminated with residual magic.
As you read the scroll of blinking, it crumbles to dust.
The Hell Sentinel gestures at you.
The hellfire explodes!
The blast of hellfire engulfs you!
You die...

#.........#........)...#####
#......§...............)..)##
#.....).1.............####)(.
#.......)............## #))##
#.......e...........## #..#
#.........)######'#######..#
#......!...#####...........#
#...}......'......#######''##
##.........'@.....# ##.....
##.......#####..######......
##.....## #.......'......
##...## #.......'...... #####
###''######......
##..)....###......
##......(..##......
#...........#......
#..................


You could see a Hell Sentinel and a deep elf demonologist.

Vanquished Creatures
  Asterion (Elf:3)
  A deep elf master archer (Elf:3)
  2 deep elf blademasters (Elf:3)
  Frances (Swamp:1)
  Gastronok (D:8)
  The ghost of MordorOrchid the Impaler, an adept MfSk of Okawaru (Swamp:4)
  An azure jelly (Swamp:4)
  Maud (Lair:3)
  Louise (D:14)
  4 deep elf sorcerers (Elf:3)
  3 deep elf demonologists (Elf:3)
  Nessos (Orc:2)
  2 deep elf annihilators (Elf:3)
  3 deep elf high priests
  Harold (D:11)
  4 deep elf death magi (Elf:3)
  Josephine (Swamp:1)
  Erolcha (Orc:2)
  A rakshasa (D:14)
  A yaktaur captain (D:14)
  6 hydras
  A ghost crab (Swamp:4)
  3 catoblepae (Lair:8)
  2 ice dragons (Swamp:4)
  2 centaur warriors (D:14)
  An alligator (Swamp:4)
  9 dancing weapons
  2 tengu warriors
  An ogre mage (Orc:2)
  9 death yaks
  5 deep elf knights
  The ghost of Dirian the Carver, a novice MiFi of Qazlal (D:8)
  A fire crab (D:15)
  6 skeletal warriors
  4 shambling mangroves
  A swamp dragon (Swamp:2)
  3 unseen horrors
  4 deep elf archers (Elf:2)
  6 hill giants
  A necromancer (D:15)
  3 harpies (D:6)
  An orc knight (D:11)
  2 ugly things
  37 deep elf magi
  A hornet (Swamp:1)
  An oklob plant (Lair:1)
  10 orc sorcerers
  2 wizards (D:15)
  A faun (shapeshifter) (D:15)
  A manticore (D:15)
  2 griffons (Lair:4)
  7 cyclopes
  Joseph (D:7)
  Psyche (D:11)
  Maurice (Orc:2)
  5 black mambas
  22 elephants
  A gargoyle (D:13)
  13 spiny frogs
  5 rime drakes
  A kobold demonologist (D:13)
  5 freezing wraiths
  2 yaktaurs (D:14)
  2 tengu conjurers
  6 komodo dragons
  7 trolls
  A merfolk (Lab)
  A queen bee (D:13)
  21 slime creatures
  3 two-headed ogres
  A wolf spider simulacrum (D:15)
  A boulder beetle (D:14)
  4 bog bodies
  A hornet zombie (D:2)
  25 blink frogs
  7 giant leeches
  2 centaur simulacra (D:15)
  2 spriggans
  5 shadows
  5 water elementals
  Sigmund (D:3)
  A vampire (D:10)
  A redback (Lab)
  3 air elementals (Elf:2)
  5 wraiths
  40 yaks
  2 wyverns
  A human (shapeshifter) (Lair:2)
  A human (D:15)
  A basilisk (Lair:2)
  A steam dragon (Lair:5)
  A golden eye (shapeshifter) (D:14)
  12 vampire mosquitoes
  A fire elemental (Elf:2)
  3 nagas
  15 hippogriffs
  21 swamp worms
  4 swamp worm simulacra (Swamp:4)
  5 wargs
  Menkaure (D:7)
  25 wolves
  4 hungry ghosts
  15 insubstantial wisps
  A soldier ant (D:13)
  13 water moccasins
  14 hydra simulacra (Swamp:4)
  14 porcupines
  6 ice beasts
  19 orc warriors
  10 sky beasts
  2 swamp drakes
  2 black bears
  3 phantoms
  3 eyes of draining
  15 wasps
  14 ogres
  4 boggarts (D:14)
  3 necrophages
  11 crocodiles
  9 centaurs
  3 big kobolds
  24 giant frogs
  A big kobold (shapeshifter) (D:7)
  Blork the orc (D:5)
  A gnoll sergeant (D:7)
  An earth elemental (Elf:3)
  A water moccasin zombie (D:9)
  6 scorpions
  A wyvern skeleton (D:13)
  25 killer bees
  11 wights
  6 howler monkeys
  2 troll skeletons (Lab)
  3 electric eels (D:7)
  3 giant frog zombies
  5 crimson imps
  5 jellies
  A wasp zombie (D:14)
  7 centaur zombies
  4 giant frog skeletons
  18 orc priests
  9 hounds
  36 orc wizards
  6 centaur skeletons
  18 iguanas
  10 worker ants
  8 sheep
  A hound zombie (D:11)
  3 hound skeletons
  2 worker ant zombies (D:6)
  13 gnolls
  26 adders
  62 river rats
  4 shadow imps
  A giant eyeball (D:7)
  7 oozes
  4 swamp drake simulacra (Swamp:4)
  3 adder zombies
  5 adder skeletons
  5 worms
  6 dart slugs
  12 giant geckos
  114 orcs
  8 bats
  15 giant cockroaches
  9 hobgoblins
  41 jackals
  30 kobolds
  4 quokkas
  3 ball pythons
  A ball python skeleton (D:4)
  A giant gecko skeleton (D:7)
  14 giant newts
  6 goblins
  A jackal zombie (D:8)
  15 rats
  A fire vortex (Temple)
  A fungus (Lair:8)
  A plant (Lair:8)
  2 spectral weapons (Swamp:4)
1263 creatures vanquished.

Vanquished Creatures (collateral kills)
  Saint Roka (Orc:2)
  Rupert (Lair:3)
  A thorn hunter (Swamp:4)
  Aizul (Swamp:4)
  A minotaur (Lab)
  A hydra (Lair:7)
  8 death yaks
  A catoblepas (Lair:7)
  A swamp dragon (Swamp:1)
  3 slime creatures (Swamp:3)
  3 elephants
  A rime drake (Lair:3)
  A troll (D:10)
  3 yaks
  Grum (D:9)
  2 vampire mosquitoes
  2 insubstantial wisps (Swamp:1)
  5 wolves
  An orc warrior (D:7)
  2 centaurs
  A crocodile (Lair:7)
  A giant frog (Lair:3)
  A water moccasin zombie (D:7)
  2 howler monkeys (D:7)
  A jelly (D:7)
  An orc priest (D:6)
  2 orc wizards
  A worker ant (D:9)
  A sheep (Lair:8)
  An adder (D:7)
  2 river rats (Lair:8)
  2 shadow imps (D:7)
  An adder zombie (D:7)
  A worm (D:3)
  A giant gecko (D:7)
  4 orcs
  A quokka (D:3)
64 creatures vanquished.

Vanquished Creatures (others)
  A deep elf master archer (Elf:3)
  2 hydras (Swamp:4)
  A centaur warrior (D:15)
  A ghost crab (shapeshifter) (Elf:2)
  A deep elf knight (Elf:2)
  A deep elf archer (Elf:2)
  3 deep elf magi (Elf:2)
  A swamp dragon (Swamp:4)
  A cyclops (D:15)
  A troll (Lair:3)
  A yak (D:9)
  A naga (Lair:3)
  A killer bee (D:7)
  An orc wizard (Orc:2)
  2 orcs (Orc:1)
  8 bushes (D:11)
  7 fulminant prisms (Swamp:4)
  39 fungi
  3 pillars of salt (Elf:3)
  26 plants
  31 spectral weapons
133 creatures vanquished.

Grand Total: 1460 creatures vanquished

Notes
Turn   | Place    | Note
--------------------------------------------------------------
     0 | D:1      | M4edhros the Octopode Artificer began the quest for the Orb.
     0 | D:1      | Reached XP level 1. HP: 13/13 MP: 3/3
   132 | D:1      | Reached skill level 1 in Unarmed Combat
   215 | D:1      | Reached XP level 2. HP: 18/18 MP: 4/4
   702 | D:1      | Reached XP level 3. HP: 3/23 MP: 5/5
  1034 | D:2      | Reached XP level 4. HP: 25/28 MP: 6/6
  1195 | D:3      | Noticed Grinder
  1694 | D:3      | Reached XP level 5. HP: 28/33 MP: 7/7
  1696 | D:3      | Noticed Sigmund
  1717 | D:3      | Your ally died
  1842 | D:4      | Reached skill level 5 in Dodging
  1860 | D:4      | Found a sacrificial altar of Ru.
  2021 | D:4      | Reached XP level 6. HP: 34/38 MP: 8/8
  2171 | D:4      | Found a staircase to the Ecumenical Temple.
  2178 | Temple   | Entered the Ecumenical Temple
  2214 | Temple   | Became a worshipper of Xom the Random
  2420 | D:4      | Found a shimmering altar of Xom.
  2487 | D:5      | Entered Level 5 of the Dungeon
  2539 | D:5      | Found Ziebluwn's Assorted Antiques.
  2544 | D:5      | Bought a granite ring for 125 gold pieces
  2573 | D:5      | XOM: harmless Air miscast
  2660 | D:6      | XOM: divination: detect creatures
  2804 | D:6      | XOM: harmless Fire miscast
  2898 | D:6      | XOM: divination: magic mapping
  3047 | D:6      | Found Zocetso's Antique Weapon Shoppe.
  3132 | D:6      | XOM: silly message
  3250 | D:6      | Found an iron altar of Okawaru.
  3280 | D:5      | Noticed an ice beast
  3283 | D:5      | Noticed a sky beast
  3298 | D:5      | Killed a sky beast
  3298 | D:5      | Reached XP level 7. HP: 43/43 MP: 9/9
  3308 | D:5      | Gained mutation: You have a pair of small antennae on your head. [mutagenic meat]
  3309 | D:5      | Gained mutation: Your skin blends seamlessly with your surroundings (Stealth). [mutagenic meat]
  3310 | D:5      | Gained mutation: You have supernaturally acute eyesight. [mutagenic meat]
  3311 | D:5      | Gained mutation: You expend magic power (3 MP) to strengthen your wands. [mutagenic meat]
  3312 | D:5      | Gained mutation: You regenerate slowly when monsters are visible. [mutagenic meat]
  4049 | D:1      | XOM: silly message
  5784 | D:1      | XOM: harmless Erth miscast
  5959 | D:1      | XOM: mild Divn miscast
  7570 | D:1      | XOM: harmless Chrm miscast
  8378 | D:1      | XOM: medium Necr miscast
  8379 | D:1      | Noticed a shadow
  8379 | D:1      | Noticed a shadow
  8386 | D:2      | XOM: cast spell 'Necromutation'
  8578 | D:2      | XOM: harmless Ice miscast
  9188 | D:2      | XOM: silly message
  9385 | D:2      | XOM: harmless Pois miscast
  9940 | D:2      | XOM: silly message
  9964 | D:2      | XOM: harmless Pois miscast
 10131 | D:2      | XOM is BORED!
 10131 | D:2      | XOM: medium Conj miscast
 10192 | D:2      | XOM: divination: detect creatures
 10278 | D:2      | XOM: cast spell 'Ice Form'
 11082 | D:2      | XOM: colour smoke trail
 11277 | D:2      | XOM: cast spell 'Hydra Form'
 11432 | D:2      | XOM: medium Necr miscast
 12033 | D:2      | XOM: mild Necr miscast
 12093 | D:2      | XOM: mild Conj miscast
 12570 | D:2      | XOM is BORED!
 12570 | D:2      | XOM: mild Pois miscast
 12698 | D:2      | XOM: butterfly on damage
 12928 | D:2      | XOM: mild Hex miscast
 13341 | D:2      | XOM: noise
 13497 | D:2      | XOM: harmless Ice miscast
 13767 | D:3      | XOM: divination: detect creatures
 14996 | D:2      | Reached XP level 8. HP: 18/48 MP: 1/10
 15072 | D:2      | XOM: vitrification
 15116 | D:2      | XOM: vitrification
 15378 | D:3      | XOM: god gift: steel ring {god gift}
 16132 | D:3      | XOM: give mutations
 16132 | D:3      | Gained mutation: You passively map a small area around you. [Xom's grace]
 16132 | D:3      | Gained mutation: You are partially covered in thin metallic scales (AC +2). [Xom's grace]
 16142 | D:3      | XOM: give mutation
 16142 | D:3      | Gained mutation: You are partially covered in large bone plates (AC +2, SH +2). [Xom's grace]
 16598 | D:3      | XOM: 5-stop teleportation journey
 16613 | D:3      | XOM: medium Tloc miscast
 16947 | D:3      | XOM: harmless Necr miscast
 17152 | D:3      | XOM is BORED!
 17152 | D:3      | XOM: noise
 19610 | D:4      | XOM: vitrification
 19711 | D:5      | XOM: harmless Hex miscast
 19872 | D:5      | XOM: harmless Fire miscast
 20314 | D:5      | Noticed Blork the orc
 20563 | D:5      | Found an oddly glowing altar of Pakellas.
 20654 | D:5      | XOM: confuse monster(s)
 20666 | D:5      | XOM: noise
 20678 | D:5      | XOM: potion effect (invisibility)
 20683 | D:5      | Reached skill level 10 in Dodging
 20697 | D:5      | Killed Blork the orc
 21051 | D:5      | Found a radiant altar of Vehumet.
 21569 | D:5      | Found Lualunt's Assorted Antiques.
 21581 | D:5      | Bought a scroll labeled TEGIGU MEKEL for 22 gold pieces
 21581 | D:5      | Bought a scroll labeled ZUGYTA GUMOOMI for 22 gold pieces
 21581 | D:5      | Bought a scroll labeled FAYDAADGHEH for 22 gold pieces
 21581 | D:5      | Bought a scroll labeled MEDITS VOTYLY for 22 gold pieces
 21677 | D:5      | Found Murawn's Book Emporium.
 21811 | D:6      | XOM: vitrification
 22569 | D:6      | XOM: divination: detect creatures
 22653 | D:6      | XOM: vitrification
 22995 | D:6      | Reached XP level 9. HP: 53/53 MP: 11/11
 23287 | D:7      | Found Neisuhee's Book Shop.
 23394 | D:7      | XOM: god gift: tapered iron wand {god gift}
 23627 | D:7      | XOM: give mutations
 23627 | D:7      | Gained mutation: You are clumsy. (Dex -2) [Xom's mischief]
 23627 | D:7      | Gained mutation: Your body sometimes deteriorates upon taking damage. [Xom's mischief]
 23627 | D:7      | Lost mutation: You are clumsy. (Dex -2) [Xom's mischief]
 23627 | D:7      | Lost mutation: You passively map a small area around you. [Xom's mischief]
 23859 | D:7      | Lost mutation: You have a pair of small antennae on your head. [potion of cure mutation]
 23859 | D:7      | Lost mutation: You expend magic power (3 MP) to strengthen your wands. [potion of cure mutation]
 23859 | D:7      | Lost mutation: Your body sometimes deteriorates upon taking damage. [potion of cure mutation]
 23873 | D:7      | XOM: confuse monster(s)
 24038 | D:7      | XOM: polymorph howler monkey -> giant eyeball
 24042 | D:7      | XOM: summons friendly ufetubus
 24209 | D:7      | XOM: 1-stop teleportation journey
 24284 | D:7      | XOM: vitrification
 24416 | D:7      | Noticed Menkaure
 24426 | D:7      | Killed Menkaure
 24464 | D:7      | Noticed Joseph
 24781 | D:6      | XOM: vitrification
 26371 | D:6      | XOM: harmless Air miscast
 26413 | D:6      | XOM: cast spell 'Necromutation'
 26711 | D:6      | XOM: harmless Air miscast
 26987 | D:6      | XOM: noise
 27305 | D:6      | XOM: mild Tloc miscast
 27312 | D:6      | XOM: potion effect (agility)
 27814 | D:6      | XOM: summons 3 hostile demons
 27815 | D:6      | Noticed a soul eater
 27815 | D:6      | Noticed a sun demon
 27859 | D:7      | XOM: vitrification
 28807 | D:6      | XOM: give mutations
 28807 | D:6      | Gained mutation: One of your tentacles bears a spike. [Xom's grace]
 28807 | D:6      | Gained mutation: You are partially covered in icy blue scales (AC +1). [Xom's grace]
 28807 | D:6      | Gained mutation: One of your tentacles bears a nasty spike. [Xom's grace]
 28807 | D:6      | Gained mutation: You passively map a small area around you. [Xom's grace]
 29098 | D:6      | XOM: noise
 29495 | D:6      | Noticed a cyclops
 29731 | D:7      | XOM: 1-stop teleportation journey
 29949 | D:7      | XOM: noise
 30221 | D:7      | XOM: mild Ice miscast
 30503 | D:7      | XOM: give mutation
 30503 | D:7      | Lost mutation: You are partially covered in icy blue scales (AC +1). [Xom's mischief]
 30609 | D:7      | XOM: 2-stop teleportation journey
 30641 | D:7      | XOM: confusion (+ monsters)
 30661 | D:7      | Reached XP level 10. HP: 12/58 MP: 12/12
 30682 | D:8      | Noticed Dirian's ghost (novice MiFi)
 30930 | D:7      | XOM: mild Tloc miscast
 31011 | D:7      | XOM: confusion (+ monsters)
 31300 | D:7      | XOM: harmless Conj miscast
 31473 | D:7      | XOM: medium Fire miscast
 31493 | D:7      | XOM: summons 10 friendly demons
 31914 | D:7      | Killed Joseph
 32079 | D:7      | XOM: god gift: shiny buckler {god gift}
 32509 | D:7      | XOM: god gift: 16 sling bullets of flame
 32536 | D:7      | XOM: enchant monster (good)
 32725 | D:7      | XOM: give mutations
 32725 | D:7      | Gained mutation: You evolve. [Xom's grace]
 32725 | D:7      | Gained mutation: You are robust (+10% HP). [Xom's grace]
 32972 | D:7      | Gained mutation: You are resistant to electric shocks. [evolution]
 32972 | D:7      | Lost mutation: You evolve. [end of evolution]
 33380 | D:7      | XOM: summons 10 friendly demons
 33382 | D:7      | Reached skill level 1 in Slings
 33395 | D:7      | XOM: cast spell 'Summon Butterflies'
 33427 | D:7      | XOM: cast spell 'Warp Weapon'
 33815 | D:7      | XOM: god gift: 47 gold pieces
 34066 | D:7      | XOM: vitrification
 34159 | D:7      | XOM: god gift: 15 sling bullets of frost
 34554 | D:7      | XOM: god gift: glowing gold wand {god gift}
 34576 | D:7      | XOM: god gift: 20 bolts of flame
 34785 | D:7      | XOM: cast spell 'Spider Form'
 34825 | D:7      | XOM: vitrification
 35112 | D:7      | Noticed an eight-headed hydra
 35166 | D:8      | XOM: 2-stop teleportation journey
 35168 | D:8      | XOM: harmless Ice miscast
 35422 | D:8      | XOM: divination: magic mapping
 35505 | D:8      | XOM: harmless Hex miscast
 35606 | D:8      | XOM: 2-stop teleportation journey
 35669 | D:8      | XOM: noise
 36199 | D:8      | Found an ancient bone altar of Kikubaaqudgha.
 36205 | D:8      | Found a stormy altar of Qazlal.
 36223 | D:8      | XOM: mild Necr miscast
 36255 | D:8      | XOM: potion effect (brilliance)
 36989 | D:8      | Found an opulent altar of Gozag.
 37073 | D:8      | XOM: god gift: 12 sling bullets of frost
 37074 | D:8      | XOM: summons 3 friendly demons
 37149 | D:8      | XOM: swap monsters
 37152 | D:8      | XOM: swap monsters
 37278 | D:8      | XOM: divination: magic mapping
 37575 | D:8      | XOM: 1-stop teleportation journey
 37586 | D:8      | XOM: summons 2 friendly demons
 37595 | D:8      | XOM: 2-stop teleportation journey
 37732 | D:8      | XOM: harmless Ice miscast
 38234 | D:8      | XOM: scenery: 3 doors close
 38302 | D:8      | XOM: colour smoke trail
 38687 | D:8      | XOM: confusion
 38695 | D:8      | XOM: summons 2 friendly demons
 38719 | D:8      | Killed Dirian's ghost
 38992 | D:8      | XOM: silly message
 39012 | D:8      | Found a glowing silver altar of Zin.
 39024 | D:8      | XOM: summons 5 hostile demons
 39564 | D:8      | Noticed Gastronok
 39573 | D:8      | XOM: harmless Erth miscast
 39580 | D:8      | Noticed a wolf spider
 39595 | D:8      | XOM: confuse monster(s)
 39606 | D:8      | XOM: noise
 39619 | D:8      | XOM: noise
 39620 | D:8      | Reached skill level 5 in Slings
 39626 | D:8      | XOM: potion effect (might)
 39627 | D:8      | Killed Gastronok
 39627 | D:8      | Reached XP level 11. HP: 25/69 MP: 13/13
 39647 | D:8      | Lost mutation: You have supernaturally acute eyesight. [mutagenic meat]
 39876 | D:9      | XOM: divination: detect items
 39888 | D:9      | XOM: colour smoke trail
 39919 | D:9      | XOM: enchant monster (good)
 40170 | D:9      | XOM: enchant monster (good)
 40178 | D:9      | XOM: noise
 40180 | D:9      | XOM: cast spell 'Summon Ice Beast'
 40191 | D:9      | XOM: enchant monster (good)
 40212 | D:9      | XOM: noise
 40217 | D:9      | HP: 4/103 [orc warrior/battleaxe (8)]
 40376 | D:8      | Noticed a shadow dragon
 40429 | D:9      | XOM: harmless Chrm miscast
 40545 | D:9      | Found a staircase to the Orcish Mines.
 40649 | D:9      | XOM: polymorph orc warrior -> black bear
 40655 | D:9      | XOM: polymorph black bear -> eye of draining
 40715 | D:9      | Found a staircase to the Lair.
 40737 | D:9      | Noticed Grum
 40737 | D:9      | Reached skill level 15 in Dodging
 40748 | D:9      | Killed Grum
 40765 | D:9      | XOM: divination: magic mapping
 41534 | D:9      | XOM: harmless Conj miscast
 41753 | D:10     | Entered Level 10 of the Dungeon
 41906 | D:10     | XOM: divination: detect creatures
 41945 | D:10     | Found a portal to a secret trove of treasure.
 41988 | D:10     | XOM: medium Trmt miscast
 42009 | D:10     | XOM: 1-stop teleportation journey
 42026 | D:10     | Gained mutation: Your system is resistant to poisons. [mutagenic glow]
 42034 | D:10     | Gained mutation: You are resistant to hostile enchantments. [mutagenic meat]
 42249 | D:10     | XOM: harmless Hex miscast
 42297 | D:10     | XOM: medium Necr miscast
 42511 | D:10     | XOM: silly message
 42565 | D:10     | XOM: mild Chrm miscast
 42578 | D:10     | Found an iron altar of Okawaru.
 43062 | D:10     | XOM: scenery: 1 doors close
 43188 | D:10     | XOM: mild Divn miscast
 43362 | D:10     | XOM: scenery: 1 doors open
 43471 | D:10     | XOM: scenery: 1 doors open, 3 doors close
 43475 | D:10     | Reached skill level 5 in Shields
 43661 | D:10     | XOM: noise
 43871 | D:10     | XOM: potion effect (agility)
 43896 | D:10     | XOM: enchant monster (good)
 43952 | D:10     | XOM: summons 4 friendly demons
 44025 | D:10     | XOM: enchant monster (bad)
 44383 | D:10     | XOM: god gift: clouded brass ring {god gift}
 44388 | D:10     | Got a clouded brass ring {god gift}
 44389 | D:10     | Identified the ring "Hetrixot" {rF++ MR+} (Xom gifted it to you on level 10 of the Dungeon)
 44398 | D:10     | XOM: god gift: flail {god gift}
 45079 | D:10     | XOM: colour smoke trail
 45368 | D:10     | XOM: medium Necr miscast
 45418 | D:10     | Lost mutation: You passively map a small area around you. [mutagenic meat]
 45419 | D:10     | Lost mutation: You are resistant to electric shocks. [mutagenic meat]
 45420 | D:10     | Lost mutation: One of your tentacles bears a nasty spike. [mutagenic meat]
 45610 | D:10     | XOM: medium Erth miscast
 45639 | D:10     | XOM: god gift: 23 gold pieces
 45796 | D:10     | XOM: mild Divn miscast
 45972 | D:10     | XOM: silly message
 46274 | D:10     | XOM: medium Necr miscast
 46692 | D:10     | XOM: scenery: 1 doors open, 2 doors close
 46919 | D:10     | Noticed a fire giant
 47007 | D:11     | Gained mutation: Your muscles are strong. (Str +2) [mutagenic meat]
 47008 | D:11     | Lost mutation: Your muscles are strong. (Str +2) [mutagenic meat]
 47010 | D:11     | Lost mutation: Your system is resistant to poisons. [mutagenic meat]
 47012 | D:11     | Gained mutation: You expend magic power (3 MP) to strengthen your wands. [mutagenic meat]
 47021 | D:11     | Noticed a hill giant
 47021 | D:11     | XOM: mild Pois miscast
 47022 | D:11     | XOM: harmless Pois miscast
 47037 | D:11     | Killed a hill giant
 47037 | D:11     | Reached XP level 12. HP: 56/74 MP: 14/14
 47040 | D:11     | XOM: confuse monster(s)
 47080 | D:11     | Noticed Harold
 47107 | D:10     | XOM: smoke on damage
 47245 | D:10     | XOM: summons 3 hostile demons
 47336 | D:11     | Found Cuhitz's Assorted Antiques.
 47370 | D:11     | Bought a black potion for 32 gold pieces
 47370 | D:11     | Bought a scroll labeled PIYTEZXOZU for 36 gold pieces
 47370 | D:11     | Bought a scroll labeled FEEKESEBEA for 36 gold pieces
 47370 | D:11     | Bought a scroll of identify for 72 gold pieces
 47390 | D:11     | Noticed Psyche
 47501 | D:11     | Killed Psyche
 47505 | D:11     | Found Tihyfaunt's Weapon Shoppe.
 47511 | D:11     | XOM: divination: magic mapping
 47535 | D:11     | XOM: harmless Divn miscast
 47551 | D:11     | Killed Harold
 47552 | D:11     | XOM: divination: detect creatures
 47553 | D:11     | XOM: harmless Air miscast
 47557 | D:11     | XOM: harmless Divn miscast
 47569 | D:11     | XOM: harmless Summ miscast
 47573 | D:11     | XOM: harmless Air miscast
 47702 | D:11     | XOM: medium Ice miscast
 47771 | D:11     | XOM: 2-stop teleportation journey
 47774 | D:11     | XOM: potion effect (haste)
 47777 | D:11     | XOM: blink monster(s)
 47921 | D:11     | Found Ciwkojee's Antique Weapon Shop.
 48128 | D:6      | XOM: silly message
 48715 | Temple   | XOM: harmless Pois miscast
 48822 | Temple   | XOM: colour smoke trail
 48976 | Temple   | XOM: god gift: gnarled glowing rod {god gift}
 48978 | Temple   | Identified a +8 rod of shadows (10/10) (Xom gifted it to you in the Ecumenical Temple)
 49210 | Temple   | XOM: divination: detect creatures
 49277 | Temple   | XOM: divination: detect creatures
 50173 | Temple   | XOM: vitrification
 50507 | Temple   | XOM: god gift: potion of haste
 50550 | Temple   | XOM: god gift: ivory wand {god gift}
 51177 | Temple   | XOM: divination: detect creatures
 51308 | Temple   | XOM: 2-stop teleportation journey
 51693 | Temple   | XOM: give mutation
 51693 | Temple   | Gained mutation: You are partially covered in molten scales (AC +1). [Xom's grace]
 51722 | Temple   | XOM: give mutations
 51722 | Temple   | Gained mutation: You possess an exceptional clarity of mind. [Xom's grace]
 51722 | Temple   | Gained mutation: Your flesh is cold resistant. [Xom's grace]
 51722 | Temple   | Gained mutation: Your system is resistant to poisons. [Xom's grace]
 52129 | Temple   | XOM: medium Fire miscast
 52655 | Temple   | XOM: scenery: create altars
 53095 | Temple   | XOM: vitrification
 53097 | Temple   | XOM: 2-stop teleportation journey
 53449 | Temple   | XOM: god gift: scroll labeled TEGIGU MEKEL
 53786 | Temple   | XOM: 5-stop teleportation journey
 54516 | Temple   | XOM: mild Air miscast
 54883 | D:6      | XOM: enchant monster (good)
 54891 | D:6      | XOM: confuse monster(s)
 55019 | D:7      | XOM: swap monsters
 55029 | D:7      | XOM: potion effect (might)
 55129 | Lair:1   | Entered Level 1 of the Lair of Beasts
 55515 | Lair:1   | XOM: mild Hex miscast
 55604 | Lair:1   | XOM is BORED!
 55604 | Lair:1   | XOM: medium Divn miscast
 55742 | Lair:1   | XOM: noise
 55754 | Lair:1   | XOM: noise
 56340 | Lair:2   | XOM: harmless Necr miscast
 56447 | Lair:2   | XOM: summons 5 hostile shadow creatures
 56616 | Lair:2   | XOM: polymorph crocodile -> basilisk
 56951 | Lair:2   | XOM: swap monsters
 56970 | Lair:2   | XOM: enchant monster (bad)
 57290 | Lair:1   | XOM: mild Air miscast
 57516 | Lair:1   | XOM: give mutations
 57516 | Lair:1   | Gained mutation: One of your tentacles bears a nasty spike. [Xom's grace]
 57516 | Lair:1   | Gained mutation: You passively map a small area around you. [Xom's grace]
 57516 | Lair:1   | Gained mutation: Your muscles are strong. (Str +2) [Xom's grace]
 57565 | Lair:1   | XOM: god gift: 6 meat rations
 57613 | Lair:1   | XOM: divination: magic mapping
 57656 | Lair:1   | XOM: vitrification
 57942 | Lair:1   | XOM: give mutations
 57942 | Lair:1   | Gained mutation: One of your tentacles bears a large vicious spike. [Xom's grace]
 57942 | Lair:1   | Gained mutation: You are very robust (+20% HP). [Xom's grace]
 57942 | Lair:1   | Gained mutation: You are agile. (Dex +2) [Xom's grace]
 57955 | Lair:1   | XOM: polymorph water moccasin -> ice beast
 57996 | Lair:1   | XOM: god gift: glistering book {god gift}
 58002 | Lair:1   | Identified Xom's Catalogue of Negligence (Xom gifted it to you on level 1 of the Lair of Beasts)
 58360 | Lair:1   | XOM: god gift: 2 potions of curing
 58528 | Lair:1   | Found an opulent altar of Gozag.
 58534 | Lair:1   | XOM: mild Trmt miscast
 58730 | Lair:2   | XOM: mild Chrm miscast
 58878 | Lair:2   | XOM is BORED!
 58878 | Lair:2   | XOM: summons 6 hostile demons
 59020 | Lair:3   | Noticed Maud
 59222 | Lair:3   | XOM: mild Ice miscast
 59405 | Lair:3   | Reached skill level 5 in Fighting
 59431 | Lair:3   | Reached XP level 13. HP: 56/97 MP: 15/15
 59447 | Lair:3   | XOM: polymorph blink frog -> troll
 59490 | Lair:3   | XOM: blink monster(s)
 59626 | Lair:3   | XOM: mild Divn miscast
 59642 | Lair:3   | Noticed Rupert
 59657 | Lair:3   | Found a staircase to the Swamp.
 59727 | Lair:2   | XOM: give mutations
 59727 | Lair:2   | Gained mutation: You are resistant to electric shocks. [Xom's grace]
 59727 | Lair:2   | Gained mutation: Your mind is acute. (Int +2) [Xom's grace]
 59727 | Lair:2   | Gained mutation: You passively map the area around you. [Xom's grace]
 59727 | Lair:2   | Gained mutation: Your flesh is heat resistant. [Xom's grace]
 59757 | Lair:2   | XOM: god gift: shortbow {god gift}
 60028 | Lair:2   | XOM: noise
 60256 | Lair:2   | XOM: harmless Fire miscast
 60299 | Lair:2   | XOM: silly message
 60683 | Lair:2   | XOM: mild Pois miscast
 60881 | Lair:2   | XOM: summons 3 hostile shadow creatures
 61176 | Lair:2   | XOM: severe Pois miscast
 61671 | Lair:2   | XOM: harmless Trmt miscast
 61697 | Lair:2   | XOM: summons 3 hostile shadow creatures
 62098 | Lair:2   | XOM: polymorph crocodile -> human
 62256 | Lair:2   | XOM: draining
 63013 | Lair:3   | Found a staircase to the Snake Pit.
 63056 | Lair:3   | XOM: cast spell 'Olgreb's Toxic Radiance'
 63064 | Lair:3   | XOM: enchant monster (good)
 63068 | Lair:3   | XOM: noise
 63075 | Lair:3   | XOM: confuse monster(s)
 63101 | Lair:4   | XOM: summons 6 hostile demons
 63204 | Lair:4   | XOM: cast spell 'Necromutation'
 63589 | Lair:4   | Reached skill level 5 in Evocations
 63976 | Lair:4   | XOM: harmless Air miscast
 64073 | Lair:4   | XOM: noise
 64074 | Lair:4   | XOM: silly message
 64077 | Lair:4   | XOM: divination: detect items
 64079 | Lair:4   | XOM: harmless Pois miscast
 64084 | Lair:4   | XOM: silly message
 64303 | Lair:4   | XOM: divination: detect items
 64526 | Lair:4   | XOM: confuse monster(s)
 64538 | Lair:4   | XOM: silly message
 64588 | Lair:4   | XOM: harmless Conj miscast
 64605 | Lair:4   | XOM: divination: magic mapping
 64860 | Lair:3   | XOM: potion effect (curing)
 64902 | Lair:1   | XOM: cast spell 'Summon Butterflies'
 64996 | D:6      | XOM: divination: detect creatures
 65005 | D:6      | Reached skill level 10 in Shields
 65018 | D:6      | XOM: divination: detect creatures
 65022 | D:6      | XOM: harmless Trmt miscast
 65034 | D:6      | XOM: harmless Pois miscast
 65265 | Temple   | XOM: divination: detect creatures
 65292 | Temple   | XOM: cast spell 'Dragon Form'
 65956 | Temple   | XOM: harmless Necr miscast
 66259 | Temple   | XOM is BORED!
 66259 | Temple   | XOM: mild Erth miscast
 66329 | Temple   | XOM: silly message
 67950 | Temple   | XOM is BORED!
 67950 | Temple   | XOM: noise
 68292 | Temple   | XOM: harmless Divn miscast
 68486 | Temple   | XOM: harmless Ice miscast
 69161 | Temple   | XOM is BORED!
 69161 | Temple   | XOM: give mutation
 69161 | Temple   | Lost mutation: You are agile. (Dex +2) [Xom's mischief]
 69452 | Temple   | XOM: god gift: meat ration
 69541 | Temple   | XOM: silly message
 69613 | Temple   | XOM: 3-stop teleportation journey
 70404 | Temple   | XOM: god gift: beef jerky
 70919 | Temple   | XOM: 1-stop teleportation journey
 70934 | Temple   | XOM: harmless Conj miscast
 71005 | Temple   | XOM: harmless Air miscast
 71207 | Temple   | XOM: summons 2 hostile demons
 71526 | Temple   | XOM is BORED!
 71526 | Temple   | XOM: give mutations
 71526 | Temple   | Lost mutation: Your system is resistant to poisons. [Xom's mischief]
 71526 | Temple   | Lost mutation: You are very robust (+20% HP). [Xom's mischief]
 71526 | Temple   | Lost mutation: You are resistant to electric shocks. [Xom's mischief]
 71526 | Temple   | Lost mutation: You possess an exceptional clarity of mind. [Xom's mischief]
 71741 | Temple   | XOM: colour smoke trail
 71818 | Temple   | XOM: divination: magic mapping
 71986 | Temple   | XOM: mild Fire miscast
 72125 | Temple   | XOM: mild Erth miscast
 72212 | Temple   | XOM: harmless Conj miscast
 73312 | Temple   | XOM: mild Hex miscast
 73795 | Temple   | XOM: divination: detect creatures
 73815 | Temple   | XOM: silly message
 74537 | Temple   | XOM: harmless Summ miscast
 75060 | Temple   | XOM: silly message
 75116 | Temple   | XOM: harmless Pois miscast
 75306 | Temple   | XOM: harmless Necr miscast
 75660 | Temple   | XOM: harmless Hex miscast
 75815 | Temple   | XOM: divination: detect creatures
 75866 | Temple   | XOM: cast spell 'Hydra Form'
 76367 | Temple   | XOM is BORED!
 76367 | Temple   | XOM: noise
 76638 | Temple   | XOM: god gift: 20 stones
 76953 | Temple   | XOM is BORED!
 76953 | Temple   | XOM: medium Pois miscast
 77196 | Temple   | XOM: mild Tloc miscast
 77245 | Temple   | XOM: mild Conj miscast
 77946 | Temple   | XOM: god gift: club {god gift}
 78825 | Temple   | XOM: noise
 79126 | Temple   | XOM: 1-stop teleportation journey
 79353 | Temple   | XOM: medium Summ miscast
 79448 | D:4      | XOM: mild Trmt miscast
 79590 | Temple   | XOM: 1-stop teleportation journey
 79826 | Temple   | XOM: vitrification
 79859 | Temple   | XOM is BORED!
 79859 | Temple   | XOM: give mutations
 79859 | Temple   | Lost mutation: You passively map the area around you. [Xom's mischief]
 79859 | Temple   | Lost mutation: Your mind is acute. (Int +2) [Xom's mischief]
 79859 | Temple   | Lost mutation: Your flesh is cold resistant. [Xom's mischief]
 79859 | Temple   | Lost mutation: You expend magic power (3 MP) to strengthen your wands. [Xom's mischief]
 80249 | Temple   | XOM: 1-stop teleportation journey
 80921 | Temple   | XOM: harmless Ice miscast
 81489 | Temple   | XOM: divination: detect creatures
 81668 | Temple   | XOM: colour smoke trail
 81718 | Temple   | XOM: harmless Divn miscast
 81949 | Temple   | XOM: silly message
 82159 | Temple   | XOM: colour smoke trail
 82873 | D:4      | XOM: colour smoke trail
 82951 | D:7      | XOM: noise
 83047 | D:8      | Fell from the grace of Xom
 83047 | D:8      | Became a worshipper of Zin the Law-Giver
 83047 | D:8      | Reached * piety under Zin
 83047 | D:8      | Reached ** piety under Zin
 83345 | Lair:3   | Reached skill level 1 in Invocations
 83446 | Lair:3   | Killed Maud
 83446 | Lair:3   | Reached skill level 2 in Invocations
 83573 | Lair:4   | XOM: medium Air miscast
 83759 | Lair:4   | Reached skill level 3 in Invocations
 83872 | Lair:4   | Reached skill level 1 in Maces & Flails
 83903 | Lair:4   | XOM: give mutations
 83903 | Lair:4   | XOM: give mutation
 83903 | Lair:4   | Lost mutation: One of your tentacles bears a large vicious spike. [Xom's mischief]
 84372 | Lair:5   | Reached skill level 4 in Invocations
 84601 | Lair:5   | Reached *** piety under Zin
 84656 | Lair:5   | XOM: blink monster(s)
 84780 | Lair:5   | Reached skill level 5 in Invocations
 85015 | Lair:5   | Reached XP level 14. HP: 38/101 MP: 16/19
 85488 | Lair:6   | Reached skill level 6 in Invocations
 85627 | Lair:6   | Learned a level 3 spell: Spectral Weapon
 85630 | Lair:6   | Learned a level 2 spell: Shroud of Golubria
 85633 | Lair:6   | Learned a level 2 spell: Song of Slaying
 85981 | Lair:6   | Reached skill level 1 in Hexes
 85984 | Lair:6   | Reached skill level 1 in Spellcasting
 85984 | Lair:6   | Reached skill level 1 in Charms
 86114 | Lair:6   | Reached **** piety under Zin
 86182 | Lair:6   | XOM: harmless Pois miscast
 86331 | Lair:6   | Reached skill level 7 in Invocations
 86619 | Lair:6   | XOM: harmless Necr miscast
 87013 | Lair:7   | Found a labyrinth entrance.
 87029 | Lab      | Entered a labyrinth
 87037 | Lab      | XOM: medium Trmt miscast
 87159 | Lab      | XOM: noise
 92311 | Lab      | Got a wavering platinum ring
 92313 | Lab      | Identified the ring "Xecody" {rN+ Slay+2} (You found it in a labyrinth)
 92314 | Lab      | Got a smoking rapier
 92322 | Lab      | Identified the +8 rapier "Ucappum" {drain, rF+++ MR- Str-3 Int+4} (You found it in a labyrinth)
 92359 | Lab      | Lost mutation: Your flesh is heat resistant. [helix card]
 92560 | Lair:7   | Reached skill level 8 in Invocations
 92642 | Lair:7   | XOM: noise
 93111 | Lair:7   | XOM: medium Conj miscast
 93215 | Lair:7   | XOM: medium Summ miscast
 93265 | Lair:8   | Entered Level 8 of the Lair of Beasts
 93292 | Lair:8   | XOM: noise
 93306 | Lair:8   | Found a viscous altar of Jiyva.
 93306 | Lair:8   | Found a staircase to the Slime Pits.
 93470 | Lair:8   | XOM: harmless Hex miscast
 93551 | Lair:8   | XOM: harmless Conj miscast
 93572 | Lair:8   | Reached skill level 5 in Maces & Flails
 93631 | Lair:8   | XOM: silly message
 93779 | Lair:8   | XOM: harmless Divn miscast
 94159 | Lair:7   | Reached skill level 9 in Invocations
 94215 | Lair:8   | Reached XP level 15. HP: 85/106 MP: 21/21
 94729 | Lair:8   | XOM: mild Tloc miscast
 95061 | Lair:4   | XOM: noise
 95091 | Lair:3   | Killed Rupert
 95204 | Orc:1    | Entered Level 1 of the Orcish Mines
 95260 | Orc:2    | Entered Level 2 of the Orcish Mines
 95260 | Orc:2    | Found an iron altar of Okawaru.
 95280 | Orc:2    | Found a staircase to the Elven Halls.
 95334 | Orc:2    | Reached ***** piety under Zin
 95485 | Orc:2    | Noticed Saint Roka
 95500 | Orc:2    | Found Wecserch's Antique Weapon Emporium.
 95525 | Orc:2    | Bought an iridescent greatsling for 560 gold pieces
 95525 | Orc:2    | Identified the +12 greatsling "Waxtac" {venom, Int+3 SInv} (You bought it in a shop on level 2 of the Orcish Mines)
 95610 | Orc:2    | Noticed Nessos
 95631 | Orc:2    | Killed Nessos
 95656 | Orc:2    | Found a radiant altar of Vehumet.
 95657 | Orc:2    | Noticed Erolcha
 95670 | Orc:2    | Killed Erolcha
 95670 | Orc:2    | Reached skill level 10 in Invocations
 95690 | Orc:2    | Found an ancient bone altar of Kikubaaqudgha.
 95832 | Orc:2    | Found Ygeu's Book Shoppe.
 95857 | Orc:2    | Noticed Maurice
 95867 | Orc:2    | Killed Maurice
 95949 | Orc:2    | Found a roughly hewn altar of Beogh.
 95949 | Orc:2    | Found Becrozin's Distillery.
 95957 | Orc:2    | Reached skill level 5 in Charms
 95974 | Orc:2    | Found Muweutru's Magic Scroll Emporium.
 96357 | Orc:2    | Killed Saint Roka
 96607 | Orc:1    | Found a roughly hewn altar of Beogh.
 96712 | Orc:1    | Found Achufofu's Weapon Emporium.
 96921 | D:11     | XOM: summons 1 hostile demon
 97012 | D:11     | Got a faintly glowing copper ring
 97014 | D:11     | Identified the ring "Myshowun" {rCorr rC++} (You took it off an orc on level 11 of the Dungeon)
 97263 | D:12     | XOM: polymorph yak -> komodo dragon
 97956 | D:13     | Learned a level 5 spell: Summon Forest
 98034 | D:13     | XOM: mild Tloc miscast
 98106 | D:13     | Reached skill level 5 in Spellcasting
 98143 | D:13     | Reached skill level 10 in Evocations
 98457 | D:13     | XOM: mild Hex miscast
 98539 | D:14     | Reached skill level 11 in Invocations
 98539 | D:14     | Reached XP level 16. HP: 83/113 MP: 16/24
 98571 | D:14     | Noticed Louise
 98823 | D:14     | Found a gate to the Vaults.
 99135 | D:14     | XOM: severe Trmt miscast
 99200 | D:14     | Reached ****** piety under Zin
 99422 | D:14     | Killed Louise
 99430 | D:14     | Reached skill level 10 in Slings
 99478 | D:14     | XOM: noise
 99478 | D:14     | Was forgiven by Xom
 99941 | D:15     | Entered Level 15 of the Dungeon
100156 | D:15     | Found a snail-covered altar of Cheibriados.
100216 | D:15     | Found a flickering gateway to a bazaar.
100229 | Bazaar   | Entered a bazaar
100231 | Bazaar   | Found Lebatovo's Antique Armour Boutique.
100235 | Bazaar   | Found Pestyimo's Gadget Boutique.
100235 | Bazaar   | Found Agrolipt's Antique Weapon Boutique.
100236 | Bazaar   | Found Kusmu's Weapon Boutique.
100283 | Bazaar   | Bought a dazzling blowgun for 82 gold pieces
100283 | Bazaar   | Identified the +9 blowgun of Lutyf {speed, rElec Dex+4} (You bought it in a shop in a bazaar)
100391 | D:15     | Learned a level 1 spell: Apportation
100501 | D:15     | Reached skill level 12 in Invocations
100947 | D:15     | Found a staircase to the Depths.
101088 | Depths:1 | Entered Level 1 of the Depths
101318 | Swamp:1  | Entered Level 1 of the Swamp
101736 | Swamp:1  | Noticed Josephine
101743 | Swamp:1  | Killed Josephine
101757 | Swamp:1  | Noticed Frances
101768 | Swamp:1  | Killed Frances
101840 | Swamp:1  | Identified the Disquisition on the Entrancing Entourage (You found it on level 1 of the Swamp)
103238 | Swamp:3  | HP: 3/113 [enormous slime creature (57)]
103675 | Swamp:3  | Reached XP level 17. HP: 118/118 MP: 26/26
103966 | Swamp:3  | Reached skill level 13 in Invocations
104322 | Swamp:4  | Entered Level 4 of the Swamp
104322 | Swamp:4  | Noticed MordorOrchid's ghost (adept MfSk)
105106 | Swamp:4  | Killed MordorOrchid's ghost
105113 | Swamp:4  | Noticed Aizul
105133 | Swamp:4  | Killed Aizul
106458 | Swamp:4  | Got a decaying rune of Zot
106718 | Elf:1    | Entered Level 1 of the Elven Halls
106740 | Elf:1    | Found a radiant altar of Vehumet.
106764 | Elf:1    | Reached skill level 14 in Invocations
106787 | Elf:1    | Found Lylanyog's Weapon Shop.
107411 | Elf:2    | Reached skill level 15 in Invocations
107663 | Elf:2    | Found a runed gate.
107663 | Elf:2    | Found a runed gate.
107671 | Elf:2    | Found a runed gate.
107863 | Elf:3    | Entered Level 3 of the Elven Halls
108069 | Elf:3    | Reached XP level 18. HP: 90/125 MP: 26/29
108180 | Elf:3    | Reached skill level 16 in Invocations
108372 | Elf:3    | Noticed Asterion
108373 | Elf:3    | Noticed a deep elf blademaster
108378 | Elf:3    | Noticed a Shadow Fiend
108380 | Elf:3    | Noticed a deep elf blademaster
108381 | Elf:3    | Noticed a Brimstone Fiend
108386 | Elf:3    | Killed a deep elf blademaster
108395 | Elf:3    | Noticed a deep elf master archer
108395 | Elf:3    | Killed Asterion
108395 | Elf:3    | Killed a deep elf blademaster
108399 | Elf:3    | Noticed a deep elf master archer
108404 | Elf:3    | Killed a ghostly deep elf blademaster
108405 | Elf:3    | Noticed a Hell Sentinel
109051 | Elf:3    | Killed a deep elf master archer
109051 | Elf:3    | Reached skill level 17 in Invocations
109470 | Elf:3    | Killed a deep elf master archer
109803 | Elf:3    | Noticed an Ice Fiend
109804 | Elf:3    | Noticed an Ice Fiend
110150 | Elf:3    | Noticed a Hell Sentinel
110151 | Elf:3    | Killed from afar by a Hell Sentinel

Vault maps used:
D:1:      lemuel_arrival_muddy
D:3:      uniq_sigmund, uniq_grinder
D:4:      kennysheep_mini, minmay_temple_entry_hall, first_bread, tgw_xom
D:5:      kennysheep_little_box, lemuel_round_altar, serial_shops, shop, shop,
          shop, minmay_splitting_lines, hangedman_abyss_or_decor_lesser_grid,
          small_statue_intersection, uniq_blork_the_orc
D:6:      kennysheep_mini_moat, serial_shops, nicolae_shop_overgrown_old_shop
D:7:      serial_bayou, serial_bayou_shore_b, serial_bayou_shore_b,
          serial_bayou_lake_a, serial_bayou_ford_a, serial_shops,
          nicolae_shop_statue_plus, uniq_menkaure, uniq_joseph
D:8:      nicolae_overflow_hidden_temple, zin_academy, uniq_gastronok
D:9:      lair_0_dummy, david_orc_3, minivault_5, uniq_grum
D:10:     basic_altar, enter_trove_3
D:11:     serial_shops, shop, nicolae_shop_crystal, shop,
          hangedman_little_slice_of_home, hangedman_glass_teeth,
          minmay_hedge_maze, grunt_ministairs_7, minmay_misc_feat_secret_circle,
          uniq_harold, uniq_psyche
D:13:     special_room
D:14:     boulder_indie, david_vaults_2, kennysheep_decorative_pillar,
          uniq_louise
D:15:     grunt_enter_depths_magical_seal, serial_shops, bzr_entry_customers,
          basic_altar
Temple:   circular_temple_pool_12
Lair:1:   lemuel_oklob_altar, lemuel_fruit_fields
Lair:3:   minmay_swamp_entry_worms, minmay_snake_entry_guardpost_small,
          uniq_maud, uniq_sonja, uniq_rupert
Lair:7:   lab_entry_generic, serial_bayou_pond_a, lemuel_fruit_tree,
          grunt_megastairs_2
Lair:8:   evilmike_catoblepas_cave, dpeg_slime_entry_enclosed_altar,
          serial_bayou_shore_b
Swamp:1:  serial_swamp_ruin, evilmike_swamp_ruin_house_4,
          evilmike_swamp_ruin_house_2, infiniplex_staircase_pool,
          uniq_josephine, uniq_frances
Swamp:2:  evilmike_swamp_ruin_house_1, swamp_pool4
Swamp:3:  nicolae_swamp_very_dense_foliage
Swamp:4:  swamp_icy, uniq_aizul
Orc:1:    serial_shops, shop, mines2_david
Orc:2:    kennysheep_orc_mage_school, serial_shops, shop,
          okawaru_metal_pillars_1_2, uniq_saint_roka, uniq_maurice, uniq_nessos
Elf:1:    eino_elf_arrival_altar, serial_shops, shop, orc_legates, spider_trap
Elf:3:    elf_hall, uniq_asterion
Depths:1: enter_ziggurat_e, kennysheep_nub, rand_demon_pan_entry_8, hell_entry,
          minivault_14, kennysheep_generic_room_6
Lab:      nicolae_lab_starburst, nicolae_lab_swirl
Bazaar:   bazaar_minmay_cross

Skill      XL: |  1  2  3  4  5  6  7  8  9 10 11 12 13 14 15 16 17 18 |
---------------+-------------------------------------------------------+-----
Unarmed Combat | 1 |  1.8
Dodging        | 3 4 5 7 8 10 13 14 15 | 15.7
Slings         | 5 7 8 9 10 11 | 11.1
Shields        | 2 5 8 10 | 10.1
Fighting       | 5 7 |  7.0
Evocations     | 7 8 10 11 | 11.9
Invocations    | 5 9 11 12 15 17 | 17.9
Maces & Flails | 2 5 6 8 |  8.7
Hexes          | 3 |  3.1
Spellcasting   | 3 5 6 |  6.0
Charms         | 3 5 7 |  7.0
Short Blades   | |  1.0
Stealth        | |  1.3

Action                   |  1- 3 |  4- 6 |  7- 9 | 10-12 | 13-15 | 16-18 || total
-------------------------+-------+-------+-------+-------+-------+-------++-------
Melee: Unarmed           |    12 |       |       |    15 |       |       ||    27
       Mace              |    31 |   138 |   526 |    25 |       |       ||   720
       Short sword       |    11 |       |       |       |       |       ||    11
       Flail             |       |       |       |   140 |       |       ||   140
       Morningstar       |       |       |       |   927 |   475 |       ||  1402
       Eveningstar       |       |       |       |       |  1279 |   798 ||  2077
 Fire: Hunting sling     |       |       |       |       |     2 |       ||     2
       Greatsling        |       |       |       |       |    15 |   418 ||   433
Throw: Stone             |       |       |       |     1 |     2 |       ||     3
 Cast: Spectral Weapon   |       |       |       |       |     5 |    58 ||    63
       Shroud of Golubri |       |       |       |       |       |     1 ||     1
Invok: Vitalisation      |       |       |       |       |    28 |    37 ||    65
       Recite            |       |       |       |       |    12 |    17 ||    29
       Sanctuary         |       |       |       |       |     1 |       ||     1
Evoke: Wand              |       |     7 |    40 |    64 |    32 |    27 ||   170
       Rod               |       |       |       |       |    55 |    30 ||    85
       Deck              |       |       |       |       |     5 |       ||     5
  Use: Potion            |     1 |       |    10 |    10 |    13 |    10 ||    44
       Scroll            |       |       |     8 |    11 |    30 |    22 ||    71
 Stab: Sleeping          |     7 |     6 |     5 |    25 |    15 |     5 ||    63
       Paralysed         |       |     8 |       |     6 |    15 |       ||    29
       Distracted        |       |       |     9 |     4 |     3 |     3 ||    19
       Invisible         |       |       |     5 |       |    13 |       ||    18
       Confused          |       |       |       |     5 |       |    13 ||    18
       Petrified         |       |       |       |       |     3 |       ||     3
  Eat: Chunk             |       |     6 |    53 |    78 |    34 |     7 ||   178
       Bread ration      |       |       |     6 |     3 |     3 |     2 ||    14
       Beef jerky        |       |       |     2 |       |     6 |     2 ||    10
       Pizza             |       |       |     1 |       |     1 |     2 ||     4
       Fruit             |       |       |     4 |       |    13 |       ||    17
       Meat ration       |       |       |     2 |       |    13 |     5 ||    20
       Royal jelly       |       |       |     1 |    10 |     1 |       ||    12
